 Dungeon Crawl Stone Soup version 0.25-a0-353-ged6d54792d (webtiles) character file.

Game seed: 14807178351496284272, levelgen mode: classic

84 Borgoz the Chopper (level 4, 0/38 HPs)
             Began as a Minotaur Gladiator on Jan 3, 2020.
             Slain by a gnoll (2 damage)
             ... on level 2 of the Dungeon.
             The game lasted 00:01:26 (1320 turns).

Borgoz the Chopper (Minotaur Gladiator)             Turns: 1320, Time: 00:01:27

Health: 0/38       AC:  5    Str: 19    XL:     4   Next: 23%
Magic:  3/3        EV: 12    Int:  5    God:
Gold:   125        SH:  0    Dex: 12    Spells: 3/3 levels left

rFire    . . .     SeeInvis .   a - +0 war axe
rCold    . . .     Gourm    .   (no shield)
rNeg     . . .     Faith    .   j - +0 ring mail
rPois    .         Spirit   .   c - +0 hat
rElec    .         Reflect  .   (no cloak)
rCorr    .         Harm     +   (no gloves)
MR       .....                  (no boots)
Stlth    +.........             k - amulet of harm
HPRegen  0.12/turn              (no ring)
MPRegen  0.08/turn              (no ring)

@: no status effects
A: retaliatory headbutt, horns 2
a: no special abilities


You were on level 2 of the Dungeon.
You were not hungry.

You visited 1 branch of the dungeon, and saw 2 of its levels.

You collected 125 gold pieces.

Inventory:

Hand Weapons
 a - a +0 war axe (weapon)
Missiles
 d - 3 throwing nets (quivered)
Armour
 c - a +0 hat (worn)
 j - a +0 ring mail (worn)
Jewellery
 k - an amulet of harm (around neck)
Scrolls
 b - a scroll of teleportation {unknown}
 h - 2 scrolls of blinking {unknown}
 m - a scroll of fog {unknown}
 o - a scroll of magic mapping {unknown}
Potions
 e - 2 potions of haste {unknown}
 g - 2 potions of might
 l - a potion of heal wounds {unknown}
 n - a potion of lignification {unknown}
Comestibles
 f - 2 rations
 i - a chunk of flesh


   Skills:
 + Level 3.4 Fighting
 + Level 4.4 Axes
 - Level 2.0 Throwing
 + Level 2.1 Armour
 + Level 4.0 Dodging


You had 3 spell levels left.
You didn't know any spells.
Your spell library was empty.

Dungeon Overview and Level Annotations

Branches:
Dungeon (2/15)

Altars:


Innate Abilities, Weirdness & Mutations

You reflexively headbutt those who attack you in melee.
You have a pair of horns on your head.


Message History

The gnoll hits you with a +0 club.
You slash the gnoll!
You kill the gnoll!
Your Dodging skill increases to level 4!
The gnoll hits you from afar with a +0 halberd!
You are too injured to fight recklessly!
You are too injured to fight recklessly!
You are too injured to fight recklessly!
You are too injured to fight recklessly!
The gnoll completely misses you.
You see here a +0 club.
You hit the gnoll but do no damage. You hit the gnoll. The gnoll hits you!
* * * LOW HITPOINT WARNING * * *
The gnoll barely misses you. The gnoll hits you.
* * * LOW HITPOINT WARNING * * *
You hit the gnoll.
The gnoll is lightly wounded.
You slash the gnoll! The gnoll barely misses you. You furiously retaliate!
You headbutt the gnoll. The gnoll hits you.
You die...

........# #.. ...#.##.........
......(.###...........##.........
......................##.........
.......#####..........##.........
.......# #........# # .####.##
#........#.#
.####.######.........>#
.......†.........g..#
........†...?...@g..#
............###.#####
.####...........# #...........#
#..........## #..........#
#..........# #..........#


You could see 2 gnolls.

Vanquished Creatures
  5 gnolls (D:2)
  A dart slug (D:1)
  3 leopard geckos
  2 giant cockroaches (D:1)
  2 goblins (D:2)
  3 hobgoblins
  3 jackals (D:1)
  3 bats
  A frilled lizard (D:2)
  7 kobolds
  3 rats
33 creatures vanquished.

Notes
Turn   | Place    | Note
-------+----------+-------------------------------------------
     0 | D:1      | Borgoz the Minotaur Gladiator began the quest for the Orb.
     0 | D:1      | Reached XP level 1. HP: 18/18 MP: 0/0
   348 | D:1      | Reached XP level 2. HP: 25/25 MP: 1/1
   364 | D:1      | Reached skill level 1 in Armour
   748 | D:2      | Reached XP level 3. HP: 26/31 MP: 2/2
  1240 | D:2      | Reached XP level 4. HP: 38/38 MP: 3/3
  1320 | D:2      | Slain by a gnoll

Levels and vault maps discovered:
D:1:      dpeg_arrival_more_subterranean_lakeside_camping, layout_loops_ring,
          skrybe_limestone_x, lemuel_old_faithful
D:2:      layout_basic

Skill      XL: |  1  2  3  4 |
---------------+-------------+-----
Armour         | 1 2 |  2.1
Fighting       | 3 |  3.4
Axes           | 4 |  4.4
Dodging        | 4 |  4.0
Throwing       | |  2.0

Action                   |  1- 3 |  4- 6 || total
-------------------------+-------+-------++-------
Melee: War axe           |    54 |    11 ||    65
       Headbutt          |     7 |     1 ||     8
  Eat: Chunk             |     1 |       ||     1
Armor: Leather armour    |     3 |       ||     3
       Ring mail         |    14 |     2 ||    16
Dodge: Dodged            |    46 |    12 ||    58

Table legend:
 A = Non-vault XP
 B = Vault XP
 C = Vault XP percentage of total XP
 D = Non-vault monster count
 E = Vault monster count
 F = Vault count percentage of total count
                 A         B        C        D         E       F
            +---------+---------+-------+---------+---------+-------
      Total |     120 |       0 |   0.0 |      33 |       0 |   0.0
            +---------+---------+-------+---------+---------+-------
        D:1 |      24 |       0 |   0.0 |      12 |       0 |   0.0
        D:2 |      96 |       0 |   0.0 |      21 |       0 |   0.0
            +---------+---------+-------+---------+---------+-------
